 Dungeon Crawl Stone Soup version 0.29-a0-653-gd47aff6735 (webtiles) character file.

Game seed: 10182833798586105736

687 buhh the Quickloader (level 7, -15/50 HPs)
             Began as a Formicid Hunter on June 22, 2022.
             Demolished by a two-headed ogre
             ... wielding a +0 giant spiked club
              (21 damage)
             ... on level 8 of the Dungeon.
             The game lasted 00:08:39 (4578 turns).

buhh the Quickloader (Formicid Hunter)              Turns: 4578, Time: 00:08:40

Health: -15/50     AC: 10    Str: 19    XL:     7   Next: 94%
Magic:  7/7        EV: 12    Int:  8    God:
Gold:   139        SH:  0    Dex: 19    Spells: 6/6 levels left

rFire   . . .      SeeInvis +   a - +1 hand crossbow
rCold   . . .      Faith    .   (no shield)
rNeg    . . .      Spirit   .   b - +0 leather armour
rPois   .          Reflect  .   (helmet unavailable)
rElec   .          Harm     .   (no cloak)
rCorr   .          Rampage  .   o - +2 pair of gloves {Str+3}
Will    .....                   (no boots)
Stlth   ++........              (no amulet)
HPRegen 0.16/turn               e - +4 ring of protection
MPRegen 0.10/turn               (no ring)

@: marked
A: permanent stasis, dig shafts and tunnels, antennae 3, four strong arms
a: Dig, Shaft Self


You were on level 8 of the Dungeon.
You visited 1 branch of the dungeon, and saw 8 of its levels.

You collected 139 gold pieces.

Inventory:

Hand Weapons
 a - a +1 hand crossbow (weapon)
Missiles
 s - a throwing net {!f}
Armour
 b - a +0 leather armour (worn)
 o - a +2 pair of gloves of strength (worn)
Jewellery
 e - a +4 ring of protection (left hand)
Scrolls
 d - a scroll of noise
 h - 2 scrolls of vulnerability
 k - a scroll of enchant armour {unknown}
 l - a scroll of fog {unknown}
 T - 2 scrolls of immolation {!d}
Potions
 c - 2 potions of haste {unknown}
 f - a potion of might {unknown}
 i - 2 potions of brilliance {unknown}
 j - 3 potions of mutation {unknown}
 m - a potion of heal wounds {unknown}
 n - 2 potions of lignification {unknown}
 p - a potion of flight {unknown}
 q - a potion of ambrosia {unknown}
 r - a potion of resistance {unknown}
 N - 2 potions of curing {!q!d}


   Skills:
 - Level 2.1 Fighting
 + Level 9.1 Crossbows
 - Level 1.7 Dodging
 - Level 1.2 Stealth


You had 6 spell levels left.
You didn't know any spells.
Your spell library contained the following spells:

 Spells                   Type           Power      Damage    Failure   Level
 Ensorcelled Hibernation  Hex/Ice        0%         N/A       61%         2
 Passwall                 Tmut/Erth      0%         N/A       61%         2
 Lesser Beckoning         Tloc           0%         N/A       83%         3
 Manifold Assault         Tloc           0%         N/A       100%        5
 Blink                    Tloc           Unusable   N/A       N/A         2
 Swiftness                Air            Unusable   N/A       N/A         3

Dungeon Overview and Level Annotations

Branches:
Dungeon (8/15) Zot: 26765
 Temple: D:4-7         Lair: D:8-11

Altars:
Dithmenos
Kikubaaqudgha
Makhleb

Annotations:
D:5 Edmund


Innate Abilities, Weirdness & Mutations

You cannot be hasted, slowed, berserked, paralysed or teleported.
You can dig through walls and to a lower floor.
You have a pair of large antennae on your head. (SInv)
Your four strong arms can wield two-handed weapons with a shield.


Message History

The two-headed ogre hits you with a +0 giant spiked club!
The two-headed ogre hits you with a +0 giant club!
You are too injured to fight recklessly!
It was a potion of curing.
You feel better.
N - 2 potions of curing Shoot: a) +1 hand crossbow
Press: ? - help, Q - select action, (/) - cycle Shift-Dir - straight line, f/p - two-headed ogre
Aim: a two-headed ogre, wielding a +0 giant spiked club and a +0 giant club (severely wounded, 80% to hit)
You shoot a bolt.
The bolt hits the two-headed ogre but does no damage.
The two-headed ogre is severely wounded.
The two-headed ogre closely misses you. The two-headed ogre barely misses you.
Shoot: a) +1 hand crossbow
Press: ? - help, Q - select action, (/) - cycle Shift-Dir - straight line, f/p - two-headed ogre
Aim: a two-headed ogre, wielding a +0 giant spiked club and a +0 giant club (severely wounded, 80% to hit)
You shoot a bolt. The bolt hits the two-headed ogre.
The two-headed ogre is severely wounded.
The two-headed ogre misses you. x2
Shoot: a) +1 hand crossbow
Press: ? - help, Q - select action, (/) - cycle Shift-Dir - straight line, f/p - two-headed ogre
Aim: a two-headed ogre, wielding a +0 giant spiked club and a +0 giant club (severely wounded, 80% to hit)
You shoot a bolt.
The bolt hits the two-headed ogre but does no damage.
The two-headed ogre is severely wounded.
Shoot: a) +1 hand crossbow
Press: ? - help, Q - select action, (/) - cycle Shift-Dir - straight line, f/p - two-headed ogre
Aim: a two-headed ogre, wielding a +0 giant spiked club and a +0 giant club (severely wounded, 80% to hit)
You shoot a bolt.
The bolt barely misses the two-headed ogre.
The two-headed ogre misses you.
The two-headed ogre hits you with a +0 giant club!!
* * * LOW HITPOINT WARNING * * *
Okay, then.
Shoot: a) +1 hand crossbow
Press: ? - help, Q - select action, (/) - cycle Shift-Dir - straight line, f/p - two-headed ogre
Aim: a two-headed ogre, wielding a +0 giant spiked club and a +0 giant club (severely wounded, 80% to hit)
You shoot a bolt. The bolt hits the two-headed ogre.
The two-headed ogre is almost dead.
The two-headed ogre hits you with a +0 giant spiked club!!
You die...

.# .# .# .# .#
.#
#######.######
#..)@O........
#.#####.######
.# .. ###


You could see a two-headed ogre.

Vanquished Creatures
  An ogre (D:4)
  Blork the orc (D:6)
  A necrophage (D:7)
  2 scorpions (D:5)
  2 hounds
  An orc priest (D:3)
  Terence (D:2)
  An orc wizard (D:3)
  4 gnolls
  6 adders
  A white imp (D:6)
  2 worms
  4 dart slugs
  10 orcs
  2 bats
  10 endoplasms
  5 giant cockroaches
  A hobgoblin (D:4)
  2 jackals (D:3)
  8 kobolds
  5 quokkas
  7 ball pythons
  4 frilled lizards (D:1)
  10 goblins
  3 rats (D:2)
94 creatures vanquished.

Vanquished Creatures (others)
  10 plants
10 creatures vanquished.

Grand Total: 104 creatures vanquished

Notes
Turn   | Place    | Note
-------+----------+-------------------------------------------
     0 | D:1      | buhh the Formicid Hunter began the quest for the Orb.
     0 | D:1      | Reached XP level 1. HP: 16/16 MP: 1/1
   217 | D:1      | Reached XP level 2. HP: 22/22 MP: 2/2
   468 | D:1      | Reached XP level 3. HP: 27/27 MP: 3/3
   751 | D:2      | Noticed Terence
   764 | D:2      | Killed Terence
   765 | D:2      | Reached skill level 5 in Crossbows
   765 | D:2      | Reached XP level 4. HP: 27/33 MP: 4/4
   831 | D:2      | Found a faded altar of an unknown god.
  1654 | D:3      | Reached skill level 6 in Crossbows
  1654 | D:3      | Reached XP level 5. HP: 38/38 MP: 5/5
  2489 | D:4      | Reached XP level 6. HP: 44/44 MP: 6/6
  2537 | D:4      | Reached skill level 7 in Crossbows
  2787 | D:4      | Noticed an ogre
  2904 | D:4      | Killed an ogre
  2934 | D:4      | Found an ancient bone altar of Kikubaaqudgha.
  3188 | D:5      | Entered Level 5 of the Dungeon
  3198 | D:5      | Reached skill level 8 in Crossbows
  3198 | D:5      | Reached XP level 7. HP: 45/50 MP: 7/7
  3245 | D:5      | Found a burning altar of Makhleb.
  3564 | D:5      | Noticed Edmund
  3570 | D:5      | You fall into a shaft and drop 1 floor!
  3759 | D:6      | Noticed Blork the orc
  3775 | D:6      | Killed Blork the orc
  3799 | D:6      | You fall into a shaft and drop 1 floor!
  4172 | D:7      | Reached skill level 9 in Crossbows
  4249 | D:7      | Found a shadowy altar of Dithmenos.
  4563 | D:8      | Noticed a two-headed ogre
  4578 | D:8      | Demolished by a two-headed ogre

Illustrated notes

Levels and vault maps discovered:
D:1:      nagdon_arrival_zigzag_paths, layout_basic, dk_noncrumbling_4
D:2:      layout_rooms, shapermc_ecumenical_altar_acropolis,
          minmay_pentomino_v4, uniq_terence
D:3:      layout_loops_corners, serial_bayou_lagoon_a
D:4:      minmay_general_purpose_star, layout_gridville,
          mainiacjoe_overflow_chevrons
D:5:      layout_gridville, lemuel_tele_altar, uniq_edmund
D:6:      layout_cave_pods, mainiacjoe_overflow_six_doors_small,
          minmay_temple_entry_mini_moons, doesnt_shop_hydraphobe,
          uniq_blork_the_orc
D:7:      minmay_razor_zed, layout_basic, mainiacjoe_overflow_tiny_flanked,
          serial_shops, nicolae_shop_overgrown_old_shop, minmay_manual_moon,
          uniq_menkaure
D:8:      layout_loops_ring, serial_shops, shop, kennysheep_opposing_triangles

Skill      XL: |  1  2  3  4  5  6  7 |
---------------+----------------------+-----
Crossbows      | 5 6 8 9 |  9.1
Fighting       | |  2.1
Dodging        | |  1.7
Stealth        | |  1.2

Action                   |  1- 3 |  4- 6 |  7- 9 || total
-------------------------+-------+-------+-------++-------
 Fire: Hand crossbow     |    65 |   175 |    96 ||   336
 Abil: Dig               |     4 |       |       ||     4
       Shaft Self        |       |       |     2 ||     2
  Use: Scroll            |       |     4 |     1 ||     5
       Potion            |       |       |     1 ||     1
Armor: Leather armour    |     4 |    30 |    38 ||    72
Dodge: Dodged            |    14 |    46 |    58 ||   118

Table legend: (Time is in decaauts)
 A = Elapsed time spent in this place.
 B = Non-inter-level travel time spent in this place.
 C = Inter-level travel time spent in this place.
 D = Time resting spent in this place.
 E = Time spent auto-exploring this place.
 F = Levels seen in this place.
 G = Mean time per level.
                   A        B        C        D        E       F      G
               +--------+--------+--------+--------+--------+-----+--------+
         Total |   4646 |   4500 |    146 |    740 |   2994 |   8 |  580.8 |
       Dungeon |   4646 |   4500 |    146 |    740 |   2994 |   8 |  580.8 |
               +--------+--------+--------+--------+--------+-----+--------+

Top non-repeatable levels by time:
     D:3: 1129 daAuts
     D:4: 937 daAuts
     D:1: 740 daAuts
     D:2: 574 daAuts
     D:7: 548 daAuts
     D:5: 253 daAuts
     D:8: 233 daAuts
     D:6: 230 daAuts
